 Dungeon Crawl Stone Soup version 0.26.1-11-gd32895ea62 (webtiles) character file.

Game seed: 7889326317795887427

1944 Descartes the Ruffian (level 8, -1/69 (72) HPs)
             Began as a Troll Chaos Knight on May 24, 2021.
             Was a Plaything of Xom.
             Slain by a killer bee (7 damage)
             ... while paralysed by you
             ... on level 7 of the Dungeon.
             The game lasted 00:08:39 (5347 turns).

Descartes the Ruffian (Troll Chaos Knight)          Turns: 5347, Time: 00:08:41

HP:   -1/69 (72)    AC: 12    Str: 21    XL:     8   Next: 98%
MP:   5/7           EV:  1    Int:  6    God:    Xom [*.....]
Gold: 265           SH:  0    Dex:  9    Spells: 5/8 levels left

rFire    + + .     SeeInvis .     - Unarmed
rCold    + . .     Faith    .   (no shield)
rNeg     . . .     Spirit   .   a - +2 robe
rPois    .         Reflect  .   (helmet restricted)
rElec    .         Harm     .   t - scarf {rC+ rF+}
rCorr    .         Rampage  .   (gloves unavailable)
Will     .....                  (boots unavailable)
Stlth    +.........             (no amulet)
HPRegen  0.61/turn              h - ring of protection from fire
MPRegen  0.10/turn              (no ring)

@: confused, paralysed, mighty, lethally poisoned (-1 -> -2), wereblooded, very
slightly contaminated, lightly drained, invisible
A: large, unfitting armour, claws 3, icy blue scales 1, thin metallic scales 1,
clumsy 1, dopey 1, frail 1, regeneration 1, screaming 1, shaggy fur 1, tough
skin 3, MP-powered wands
a: Renounce Religion


You were on level 7 of the Dungeon.
You worshipped Xom.
You were a special plaything of Xom.
You visited 2 branches of the dungeon, and saw 8 of its levels.

You collected 314 gold pieces.
You spent 49 gold pieces at shops.

Inventory:

Hand Weapons
 w - the +6 dagger "Rudeqin" {drain, *Rage Will++ Str+4 SInv}
   (You found it on level 5 of the Dungeon)

   A truly terrible weapon, it drains the life of those it strikes.
   It affects your strength (+4).
   It affects your willpower, your defense against some magical effects.
   It lets you see invisible.
   It may make you go berserk in combat.
Missiles
 c - 292 stones (quivered)
 o - 60 sling bullets
 y - 4 boomerangs
 A - 6 javelins
 E - 3 throwing nets
Armour
 a - a +2 robe (worn)
 t - a scarf of resistance (worn)
Jewellery
 h - a ring of protection from fire (left claw)
 F - a +6 ring of intelligence {unknown}
Wands
 p - a wand of iceblast (16)
 v - a wand of random effects (5)
Scrolls
 d - 2 scrolls of enchant weapon {unknown}
 f - 6 scrolls of remove curse {unknown}
 g - a scroll of magic mapping {unknown}
 j - 2 scrolls of amnesia {unknown}
 m - 2 scrolls of immolation {unknown}
 n - 4 scrolls of teleportation {unknown}
 q - 4 scrolls of identify
 s - a scroll of blinking {unknown}
 u - 2 scrolls of random uselessness {unknown}
 B - a scroll of enchant armour {unknown}
 D - 2 scrolls of fear {unknown}
Potions
 b - 2 potions of mutation {unknown}
 e - 4 potions of magic
 i - 3 potions of curing
 k - 2 potions of haste
 l - a potion of heal wounds
 r - a potion of attraction {unknown}
 x - a potion of lignification {unknown}
 z - a potion of cancellation {unknown}
 C - a potion of invisibility {unknown}


   Skills:
 - Level 5.0 Fighting
 + Level 5.4 Dodging
 + Level 6.7 Unarmed Combat
 + Level 0.6 Spellcasting
 + Level 0.8 Transmutations
 + Level 3.9 Evocations


You had 5 spell levels left.
You knew the following spells:

 Your Spells              Type           Power        Failure   Level
a - Beastly Appendage     Tmut           2%           32%         1
b - Wereblood             Tmut           1%           45%         2

Your spell library contained the following spells:

 Spells                   Type           Power        Failure   Level
 Spider Form              Tmut/Pois      0%           75%         3
 Ice Form                 Ice/Tmut       0%           98%         4
 Blade Hands              Tmut           0%           100%        5


Dungeon Overview and Level Annotations

Branches:
Dungeon (7/15)             Temple (1/1) D:7

Altars:
Ashenzari
Cheibriados
Dithmenos
Elyvilon
Fedhas
Hepliaklqana
Kikubaaqudgha
Makhleb
Okawaru
Qazlal
Sif Muna
Trog
Uskayaw
Vehumet
Wu Jian
Xom
Yredelemnul
Zin
The Shining One

Shops:
D:4 }


Innate Abilities, Weirdness & Mutations

You are too large for most types of armour.
You have claws for hands.
Your natural rate of healing is unusually fast.
You are covered in fur. (AC +1)
You have extremely tough skin. (AC +3)
You are partially covered in icy blue scales. (AC +2)
You are partially covered in thin metallic scales. (AC +2)
You are clumsy. (Dex -2)
You are dopey. (Int -2)
You are frail. (-10% HP)
You occasionally shout uncontrollably at your foes.
You expend magic power (3 MP) to strengthen your wands.


Message History

The jackal bites you but does no damage.
The killer bee stings you.
* * * LOW HITPOINT WARNING * * *
The ice beast is engulfed in seething chaos.
The ice beast hits you but does no damage.
The orc is engulfed in seething chaos.
The orc hits you but does no damage.
The killer bee is engulfed in seething chaos.
The killer bee stings you but does no damage.
The jackal is engulfed in seething chaos.
The jackal suddenly seems more agile.
The jackal bites you.
* * * LOW HITPOINT WARNING * * *
The killer bee stings you but does no damage.
You howl as the wereblood boils in your veins! "Heh heh heh..."
You are confused.
The jackal barks!
The killer bee is engulfed in seething chaos.
The killer bee stings you!
You die...
Xom guffaws!

#.......... . #................
#..........(. #................
#.o.......... #................
##..####...# #................
##..####...########'#############
.....)..............#
.....)).......#.8.#.#
..........h....§§y..#
########....##8h@Y8.#
######..oy..# .....#.8)#....#
.......#......# .......#......#
.......#......# .......#.......
....... ....... ....... ......#


You could see an ice beast, 2 killer bees, an orc and 2 jackals.

Vanquished Creatures
  Sigmund (D:5)
  2 ice beasts (D:7)
  An ogre (D:4)
  A necrophage (D:6)
  A centaur (D:5)
  Blork the orc (D:5)
  3 bullfrogs (D:6)
  4 scorpions
  2 killer bees
  5 orc priests
  A centaur skeleton (D:6)
  5 orc wizards
  2 iguanas
  4 worker ants
  11 gnolls
  A howler monkey zombie (D:6)
  8 adders
  A shadow imp (D:2)
  3 white imps
  An adder zombie (D:6)
  6 worms
  A dart slug (D:5)
  2 leopard geckos
  17 orcs
  3 bats
  5 giant cockroaches
  9 hobgoblins
  12 jackals
  6 quokkas
  4 ball pythons
  3 frilled lizards (D:1)
  6 goblins
  8 kobolds
  2 leopard gecko skeletons
  13 rats
155 creatures vanquished.

Vanquished Creatures (others)
  2 plants (D:5)
2 creatures vanquished.

Grand Total: 157 creatures vanquished

Notes
Turn   | Place    | Note
-------+----------+-------------------------------------------
     0 | D:1      | Descartes the Troll Chaos Knight began the quest for the
                  | Orb.
     0 | D:1      | Reached XP level 1. HP: 22/22 MP: 0/0
   301 | D:1      | You fall into a shaft and drop 1 floor!
   319 | D:2      | Reached XP level 2. HP: 12/29 MP: 1/1
   322 | D:2      | XOM: silly message
   643 | D:1      | Reached XP level 3. HP: 36/36 MP: 2/2
   660 | D:1      | XOM is BORED!
   660 | D:1      | XOM: silly message
   773 | D:1      | Found a glowing golden altar of the Shining One.
   960 | D:1      | XOM: silly message
  1152 | D:1      | XOM: god gift: 18 bolts
  1309 | D:2      | Reached XP level 4. HP: 45/45 MP: 3/3
  1321 | D:2      | Found a burning altar of Makhleb.
  1321 | D:2      | Noticed a cacodemon
  1324 | D:2      | Noticed an orange demon
  1324 | D:2      | Noticed a neqoxec
  1747 | D:2      | XOM is BORED!
  1747 | D:2      | XOM: give mutations
  1747 | D:2      | Gained mutation: You are partially covered in thin metallic
                  | scales. (AC +2) [Xom's mischief]
  1747 | D:2      | Gained mutation: You are clumsy. (Dex -2) [Xom's mischief]
  1856 | D:2      | Found a shimmering blue altar of Sif Muna.
  1974 | D:3      | Found a white marble altar of Elyvilon.
  1974 | D:3      | XOM: 2-stop teleportation journey
  2079 | D:3      | XOM: 7-stop teleportation journey
  2089 | D:3      | Found a hide-covered altar of Uskayaw.
  2094 | D:3      | Found a radiant altar of Vehumet.
  2094 | D:3      | Found a glowing golden altar of the Shining One.
  2094 | D:3      | Found an iron altar of Okawaru.
  2100 | D:3      | Found an ancient bone altar of Kikubaaqudgha.
  2102 | D:3      | Found a hazy altar of Hepliaklqana.
  2134 | D:3      | Reached skill level 4 in Unarmed Combat
  2218 | D:3      | Reached XP level 5. HP: 51/53 MP: 4/4
  2392 | D:3      | XOM: scenery: summon butterflies
  2545 | D:3      | XOM: give mutation
  2545 | D:3      | Gained mutation: You expend magic power (3 MP) to
                  | strengthen your wands. [Xom's grace]
  2719 | D:4      | Reached skill level 1 in Evocations
  2719 | D:4      | Reached XP level 6. HP: 45/62 MP: 5/5
  2915 | D:4      | XOM: cleaving
  2919 | D:4      | XOM: 1-stop teleportation journey
  2969 | D:4      | XOM: butterfly on damage
  3060 | D:4      | XOM: enchant monster (good)
  3092 | D:4      | Found Reikur's Gadget Shop.
  3100 | D:4      | Bought a wand of random effects (5) for 49 gold pieces
  3176 | D:5      | Entered Level 5 of the Dungeon
  3214 | D:5      | Got a smoking dagger
  3215 | D:5      | Identified the +6 dagger "Rudeqin" {drain, *Rage Will++
                  | Str+4 SInv} (You found it on level 5 of the Dungeon)
  3265 | D:5      | Reached skill level 5 in Unarmed Combat
  3265 | D:5      | Reached XP level 7. HP: 70/70 MP: 6/6
  3303 | D:5      | Noticed Sigmund
  3317 | D:5      | Killed Sigmund
  3364 | D:5      | Noticed Blork the orc
  3376 | D:5      | Killed Blork the orc
  3456 | D:5      | XOM: 4-stop teleportation journey
  3467 | D:5      | XOM: silly message
  3603 | D:5      | XOM: scenery: 1 doors open
  3605 | D:5      | XOM: enchant monster (good)
  3611 | D:5      | XOM: potion effect (brilliance)
  3743 | D:5      | XOM: cast spell 'Shadow Creatures'
  3914 | D:6      | Reached XP level 8. HP: 72/79 MP: 7/7
  3917 | D:6      | XOM: noise
  4064 | D:6      | Reached skill level 5 in Fighting
  4064 | D:6      | Reached skill level 6 in Unarmed Combat
  4081 | D:6      | XOM: give mutations
  4081 | D:6      | Gained mutation: You occasionally shout uncontrollably at
                  | your foes. [Xom's mischief]
  4081 | D:6      | Gained mutation: You are partially covered in icy blue
                  | scales. (AC +2) [Xom's mischief]
  4081 | D:6      | Gained mutation: You are frail. (-10% HP) [Xom's mischief]
  4081 | D:6      | Gained mutation: You are dopey. (Int -2) [Xom's mischief]
  4257 | D:6      | Found a white marble altar of Elyvilon.
  4524 | D:6      | You fall into a shaft and drop 1 floor!
  4615 | D:7      | XOM: chaos cloud
  4635 | D:7      | XOM: polymorph worker ant -> worm
  4636 | D:7      | XOM: stat loss: -1 Int (5/6)
  4639 | D:7      | XOM: fake destruction
  4670 | D:7      | Reached skill level 5 in Dodging
  4812 | D:7      | Learned a level 1 spell: Beastly Appendage
  4815 | D:7      | Learned a level 2 spell: Wereblood
  5093 | D:7      | Found a staircase to the Ecumenical Temple.
  5103 | Temple   | Entered the Ecumenical Temple
  5168 | Temple   | XOM: draining
  5201 | Temple   | XOM: blink monster(s)
  5339 | D:7      | XOM: chaos cloud
  5341 | D:7      | Paralysed by you for 7 turns
  5347 | D:7      | XOM: confusion
  5347 | D:7      | Slain by a killer bee

Illustrated notes

Levels and vault maps discovered:
D:1:      psy_arrival_radial02, layout_loops_corners, tso_altar
D:2:      layout_basic, makhleb_altar_promises_db,
          lemuel_coloured_pillars_altar, minmay_misc_feat_square,
          minmay_tetromino_t4
D:3:      layout_basic, minitemple, elyvilon_altar_5
D:4:      layout_rooms, serial_shops, shop
D:5:      layout_gridville, serial_bayou_lake_a, uniq_sigmund,
          uniq_blork_the_orc
D:6:      layout_basic, old_standard_altar, nrook_mini_backslash
D:7:      layout_gridville, kennysheep_mini_moat,
          minmay_temple_entry_statues_pillars
Temple:   eino_temple_lava

Skill      XL: |  1  2  3  4  5  6  7  8 |
---------------+-------------------------+-----
Dodging        | 2 3 4 5 |  5.4
Fighting       | 3 4 5 |  5.0
Unarmed Combat | 4 5 6 |  6.7
Evocations     | 1 2 3 |  3.9
Spellcasting   | |  0.6
Transmutations | |  0.8

Action                   |  1- 3 |  4- 6 |  7- 9 || total
-------------------------+-------+-------+-------++-------
Melee: Unarmed           |    98 |   146 |   222 ||   466
       Punch             |     1 |     1 |     7 ||     9
       Kick              |       |       |     3 ||     3
       Headbutt          |       |       |     2 ||     2
 Cast: Beastly Appendage |       |       |     4 ||     4
       Wereblood         |       |       |     1 ||     1
  Use: Scroll            |       |     4 |       ||     4
 Stab: Petrified         |       |     3 |       ||     3
Armor: Robe              |    39 |    47 |   155 ||   241
Dodge: Dodged            |    62 |    77 |   173 ||   312
